Match 46579332
Unlisted

Match 46579332
End
Royal Engineer Section
Selects Canadian Shock Battlegroup
Construct Section Command Post
ML 3-inch Mortar Team
Infantry Section
Construct Platoon Command Post
Team Weapon Training
Unlock M3 Stuart Light Tanks
6-pounder Anti-tank Gun Team
CMP 15cwt Truck
M3 Stuart Light Tank
Selects Incendiary Munitions
Selects Pyrotechnics
Light Vehicle Training
Royal Engineer Section
Forward Retreat Point
ML 3-inch Mortar Team
Construct Company Command Post
ML 3-inch Mortar Team
6-pounder Anti-tank Gun Team
Selects Churchill Crocodile Heavy Tank
Churchill Crocodile Heavy Tank
Selects Attacking Spirit
Selects Canadian Shock Section
Selects Smoke Operation
Selects Attacking Spirit
Selects Canadian Shock Section
Selects Smoke Operation
Crusader II Medium Tank
Crusader II Medium Tank
rogerEPSILON
Rob
Mumbles
eye2112
IV▲▲R
De@d€ye
JohnboyDeluxe
IronDragon
0
0

Comments sign in to comment!

No comments posted yet!